 Dungeon Crawl Stone Soup version 0.21.0 (webtiles) character file.

328 Leibowitz the Cutter (level 6, -7/37 HPs)
             Began as a Kobold Gladiator on Jan 7, 2018.
             Mangled by an ogre
             ... wielding a +0 giant club
              (13 damage)
             ... on level 4 of the Dungeon.
             The game lasted 00:10:09 (2868 turns).

Leibowitz the Cutter (Kobold Gladiator)             Turns: 2868, Time: 00:10:10

Health: -7/37      AC:  7    Str: 13    XL:     6   Next: 80%
Magic:  6/6        EV: 17    Int:  9    God:
Gold:   132        SH:  0    Dex: 17    Spells: 5/5 levels left

rFire    . . .     SeeInvis .   w - -3 short sword (curse)
rCold    . . .     Gourm    .   (shield restricted)
rNeg     . . .     Faith    .   b - +0 leather armour
rPois    .         Spirit   .   c - +1 helmet
rElec    .         Reflect  .   (no cloak)
rCorr    +         Harm     .   v - +1 pair of gloves
MR       .....                  (no boots)
Stlth    +++.......             (no amulet)
HPRegen  0.12/turn              p - ring of resist corrosion
MPRegen  0.10/turn              (no ring)

@: no status effects
A: small, carnivore
a: no special abilities


You were on level 4 of the Dungeon.
You were very full.

You visited 1 branch of the dungeon, and saw 4 of its levels.

You collected 132 gold pieces.

Inventory:

Hand Weapons
 a - a +1 rapier
 i - a +0 blowgun
 w - a cursed -3 short sword (weapon)
Missiles
 h - 68 poisoned needles
Armour
 b - a +0 leather armour (worn)
 c - a +1 helmet (worn)
 v - a +1 pair of gloves (worn)
Jewellery
 p - a ring of resist corrosion (left hand)
Scrolls
 e - a scroll of identify
 l - 2 scrolls of teleportation
Potions
 g - a potion of heal wounds {unknown}
 o - a potion of brilliance
 r - 2 potions of agility
 s - a potion of curing
Comestibles
 f - 8 rations


   Skills:
 * Level 3.1 Fighting
 * Level 6.6 Short Blades
 - Level 2.1 Throwing
 + Level 1.0 Armour
 * Level 5.0 Dodging
 * Level 3.9 Stealth


You had 5 spell levels left.
You didn't know any spells.

Dungeon Overview and Level Annotations

Branches:
Dungeon (4/15)
 Temple: D:4-7

Altars:

Annotations:
D:4 Dowan, Duvessa


Innate Abilities, Weirdness & Mutations

You are small and have problems with some larger weapons.
You are carnivorous and can eat meat at any time.


Message History

The ogre is moderately wounded.
You hit the ogre.
The ogre is heavily wounded.
The ogre misses you.
You completely miss the ogre.
The ogre is heavily wounded.
You hit the ogre.
The ogre is heavily wounded.
The ogre hits you with a giant club!!
Ouch! That really hurt!
* * * LOW HITPOINT WARNING * * *
You completely miss the ogre.
The ogre is heavily wounded.
The ogre hits you but does no damage.
You hit the ogre.
The ogre is severely wounded.
You barely miss the ogre.
The ogre is severely wounded.
The ogre hits you with a giant club!
You die...

#......+...#..#
#......#...#..#
#......#'###..#
#..........#..#
#..........#..#
#..........#..#
.............#..#
.............#..#
...<.........#@[#
............s##O##
.....####...O....#
..... +........#
..... #........#
#........#
#........#
#........#
#........#


You could see an ogre.

Vanquished Creatures
  An ogre (D:4)
  A centaur zombie (D:2)
  An iguana (D:4)
  A worker ant (D:4)
  10 adders
  A worm (D:2)
  3 dart slugs
  2 leopard geckos
  6 orcs (D:3)
  2 ball pythons
  2 giant cockroaches
  4 goblins
  6 hobgoblins
  9 jackals
  4 kobolds
  2 bats
  4 frilled lizards
  A rat (D:2)
60 creatures vanquished.

Notes
Turn   | Place    | Note
-------+----------+-------------------------------------------
     0 | D:1      | Leibowitz the Kobold Gladiator began the quest for the Orb.
     0 | D:1      | Reached XP level 1. HP: 12/12 MP: 1/1
   157 | D:1      | Reached skill level 1 in Stealth
   157 | D:1      | Reached XP level 2. HP: 17/17 MP: 2/2
   575 | D:1      | Reached XP level 3. HP: 21/21 MP: 3/3
   960 | D:2      | Reached skill level 5 in Short Blades
   960 | D:2      | Reached XP level 4. HP: 22/27 MP: 4/4
  1249 | D:2      | Reached XP level 5. HP: 31/31 MP: 5/5
  2162 | D:3      | Reached skill level 6 in Short Blades
  2311 | D:4      | Noticed an ogre
  2325 | D:4      | Killed an ogre
  2325 | D:4      | Reached XP level 6. HP: 13/37 MP: 6/6
  2530 | D:4      | Reached skill level 1 in Armour
  2530 | D:4      | Reached skill level 5 in Dodging
  2794 | D:4      | Noticed Dowan
  2795 | D:4      | Noticed Duvessa
  2834 | D:4      | Noticed an ogre
  2868 | D:4      | Mangled by an ogre

Skill      XL: |  1  2  3  4  5  6 |
---------------+-------------------+-----
Stealth        | 1 2 3 |  3.9
Dodging        | 4 5 |  5.0
Short Blades   | 5 6 |  6.6
Fighting       | 3 |  3.1
Armour         | 1 |  1.0
Throwing       | |  2.1

Action                   |  1- 3 |  4- 6 || total
-------------------------+-------+-------++-------
Melee: Rapier            |    53 |   114 ||   167
       Short sword       |       |   128 ||   128
Throw: Throwing net      |       |     7 ||     7
  Use: Scroll            |       |    12 ||    12
       Potion            |       |     1 ||     1
 Stab: Sleeping          |     3 |     3 ||     6
       Held in net/web   |       |     2 ||     2
  Eat: Chunk             |     6 |     8 ||    14
Armor: Leather armour    |     5 |    28 ||    33
Dodge: Dodged            |    35 |   194 ||   229
